 Dungeon Sprint DCSS version 0.24.0-1-gfbc8707 (webtiles) character file.

Game seed: 13383586386524285064, levelgen mode: deterministic

14629 Fang the Warrior (level 12, -1/88 HPs)
             Began as a Gargoyle Berserker on Nov 6, 2019.
             Was the Champion of Trog.
             Shot with a bolt by a yaktaur captain (10 damage)
             ... in the Dungeon (Sprint V: "Ziggurat Sprint").
             The game lasted 00:02:38 (1065 turns).

Fang the Warrior (Gargoyle Berserker)               Turns: 1065, Time: 00:02:39

Health: -1/88      AC: 44    Str: 39    XL:     12   Next: 18%
Magic:  12/12      EV:  8    Int: 10    God:    Trog [******]
Gold:   0          SH: 34    Dex:  9    Spells: 11/11 levels left

rFire    + . .     SeeInvis .   a - +5 broad axe (venom)
rCold    . . .     Gourm    .   E - +18 shield of the Gong {rElec rN+ MR+ EV-5}
rNeg     + + .     Faith    .   b - +15 Maxwell's patent armour {-Cast -Tele rElec MR+ rCorr}
rPois    ∞         Spirit   .   y - +2 helmet {Int+3}
rElec    +         Reflect  .   (no cloak)
rCorr    +         Harm     .   (no gloves)
MR       ++++.     NoTele   +   A - +0 pair of boots "Doyqub Mete" {+Blink rF+} (curse) Stlth ..........NoCast +
                                (no amulet)
HPRegen  1.24/turn              D - +6 ring of strength
MPRegen  0.13/turn              C - +6 ring of strength

@: berserk cooldown, regenerating, slowed, very slow
A: negative energy resistance 1, electricity resistance, unbreathing,
petrification resistance, rot immunity, AC +8
a: Berserk, Trog's Hand, Brothers in Arms, Renounce Religion, Evoke Blink


You were in the Dungeon.
You worshipped Trog.
Trog was exalted by your worship.
You were near starving.

You visited 1 branch

Inventory:

Hand Weapons
 a - a +5 broad axe of venom (weapon)
Armour
 b - the +15 Maxwell's patent armour (worn) {-Cast -Tele rElec MR+ rCorr}
   (You found it in the Dungeon)

   It insulates you from electricity.
   It affects your resistance to hostile enchantments.
   It prevents spellcasting.
   It prevents most forms of teleportation.
   It provides partial protection from all sources of acid and corrosion.
 y - a +2 helmet of intelligence (worn)
 A - the cursed +0 pair of boots "Doyqub Mete" (worn) {+Blink rF+}
   (You found it in the Dungeon)

   It protects you from fire.
   It lets you blink.
   It has a curse placed upon it.
 E - the +18 shield of the Gong (worn) {rElec rN+ MR+ EV-5}
   (You found it in the Dungeon)

   It affects your evasion (-5).
   It insulates you from electricity.
   It protects you from negative energy.
   It affects your resistance to hostile enchantments.
Jewellery
 g - the ring "Haewkive" {*Drain rN+ Str+4 Int+6}
   (You found it in the Dungeon)

   [ring of positive energy]

   It affects your strength (+4).
   It affects your intelligence (+6).
   It protects you from negative energy.
   It causes draining when unequipped.
 x - the ring "Simicluw" {MR+ Dex+3}
   (You found it in the Dungeon)

   [ring of protection from magic]

   It affects your dexterity (+3).
   It affects your resistance to hostile enchantments.
 C - a +6 ring of strength (right hand)
 D - a +6 ring of strength (left hand)
Wands
 u - a wand of disintegration (7)
 v - a wand of iceblast (7)
 w - a wand of acid (7)
Scrolls
 i - 4 scrolls of blinking
 j - 7 scrolls of fog
 k - a scroll of holy word
 l - 5 scrolls of identify
 m - 5 scrolls of remove curse
 n - 2 scrolls of fear
 z - a scroll of brand weapon
Potions
 d - 10 potions of curing
 e - 10 potions of heal wounds
 f - 6 potions of haste
 h - 3 potions of berserk rage
 p - 2 potions of invisibility
 q - 4 potions of resistance
 r - a potion of experience
 s - 5 potions of agility
 t - 5 potions of might
Comestibles
 c - 7 rations


   Skills:
 * Level 16.2 Fighting
 * Level 14.1 Axes
 + Level 11.9 Armour
 + Level 9.4 Dodging
 * Level 16.0 Shields


You had 11 spell levels left.
You didn't know any spells.
Your spell library was empty.

Dungeon Overview and Level Annotations

Branches:
Dungeon (1/1)

Altars:
Ashenzari
Cheibriados
Dithmenos
Elyvilon
Fedhas
Gozag
Hepliaklqana
Kikubaaqudgha
Makhleb
Nemelex Xobeh
Okawaru
Qazlal
Ru
Sif Muna
Trog
Uskayaw
Vehumet
Wu Jian
Xom
Yredelemnul
Zin
The Shining One
Beogh
Jiyva
Lugonu

Annotations:
D 1 transporter


Innate Abilities, Weirdness & Mutations

You are resistant to torment.
Your stone body is resilient. (AC +8)
You are immune to poison.
You resist negative energy. (rN+)
You are resistant to electric shocks. (rElec)
You can survive without breathing.
You are immune to petrification.
You are immune to rotting.


Message History

* * * LOW HITPOINT WARNING * * *
x2 The centaur unwields a +0 shortbow.
The centaur wields the +9 demon whip "Sieptekk" {slash, +Inv rF- MR+++ Str-5}.
You block the centaur's attack.
BONNNG!
The yaktaur captain barely misses you. The stone giant hits your stone giant!
You block the centaur's attack.
GONNNNG!
The centaur unwields the +9 demon whip "Sieptekk" {slash, +Inv rF- MR+++ Str-5}.
The centaur wields a +0 shortbow.
The centaur shoots an arrow.
BONNNG!
You block the arrow. You block the centaur's attack.
BONNNG!
Your stone giant hits the stone giant!
The yaktaur shoots a bolt.
GONNNNG!
You block the bolt.
The merfolk javelineer hits you but does no damage.
The yaktaur captain wields a +0 arbalest.
The yaktaur captain shoots a bolt.
The bolt hits you!
You die...

▓....©....
▓▓▓▓▓▓▓▓▓▓▓▓▓▓▓▓▓▓▓▓▓▓
▓...8©8...▓...8©8...▓.
▓...}[}[).▓..":))}..▓.
▓..::=)}..▓..:.)||..▓.
▓...CCmm..▓.........▓.
▓...cmccC.▓.........▓.
▓..Cc(.C..▓.........▓.
▓....@....▓.........▓.
▓..(......▓....)....▓.
▓.▓..(..▓.▓.▓.....▓.▓.
▓..(.©....▓....©....▓▓
▓▓▓▓▓▓▓▓▓▓▓▓▓▓▓▓▓▓▓▓▓


You could see a stone giant, 3 merfolk javelineers, a yaktaur captain, 3
cyclopes, a yaktaur, 2 centaurs and a friendly stone giant (berserk).

Vanquished Creatures
  A death cob (D)
  2 yellow draconians (D)
  A death ooze (D)
  A great orb of eyes (D)
  2 two-headed ogres (D)
  A sun demon (D)
  A sixfirhy (D)
  2 ugly things (D)
  A shining eye (D)
  6 draconians (D)
  An eye of devastation (D)
  An ice devil (D)
  A komodo dragon (D)
  A troll (D)
  4 slime creatures (D)
  A hippogriff (D)
  A basilisk (D)
  A golden eye (D)
  2 porcupines (D)
  3 floating eyes (D)
  3 orc warriors (D)
  An ice beast (shapeshifter) (D)
  4 ogres (D)
  2 wolves (D)
  An orc priest (D)
  An iron imp (D)
  3 jellies (D)
  A quasit (D)
  An iguana (D)
  A shadow imp (D)
  7 orcs (D)
  2 jackals (D)
61 creatures vanquished.

Notes
Turn   | Place    | Note
-------+----------+-------------------------------------------
     0 | D        | Fang the Gargoyle Berserker began the quest for the Orb.
     0 | D        | Reached XP level 1. HP: 14/14 MP: 1/1
     6 | D        | Found a blossoming altar of Fedhas.
     7 | D        | Found the +6 Majin-Bo {vamp, Archmagi MP+6 Int+6}
     7 | D        | Found the +7 great mace "Firestarter" {inner flame, rF++}
     7 | D        | Found a transporter.
     7 | D        | Found a viscous altar of Jiyva.
     7 | D        | Found an ancient bone altar of Kikubaaqudgha.
     7 | D        | Found a hazy altar of Hepliaklqana.
     7 | D        | Found a corrupted altar of Lugonu.
     7 | D        | Found an opulent altar of Gozag.
     7 | D        | Found a burning altar of Makhleb.
    12 | D        | Found an iron altar of Okawaru.
    12 | D        | Found a stormy altar of Qazlal.
    12 | D        | Found a sparkling altar of Nemelex Xobeh.
    12 | D        | Found a sacrificial altar of Ru.
    12 | D        | Found a shimmering blue altar of Sif Muna.
    18 | D        | Found the +9 heavy crossbow "Sniper" {velocity, Acc+∞ SInv}
    18 | D        | Found the +10 dark maul {crush}
    18 | D        | Found the +15 Maxwell's patent armour {-Cast -Tele rElec
                  | MR+ rCorr}
    18 | D        | Found the +18 shield of the Gong {rElec rN+ MR+ EV-5}
    18 | D        | Found the cursed +14 obsidian axe {chop, +Fly SInv *Curse}
    19 | D        | Found the +6 shillelagh "Devastator" {shatter}
    19 | D        | Found the +11 plutonium sword {*Contam Stlth-}
    19 | D        | Found the +8 lance "Wyrmbane" {slay drac, rPois rF+ rC+
                  | AC+3}
    19 | D        | Found the +9 sword of Zonguldrok {reap}
    19 | D        | Found the cursed +13 scythe of Curses {drain, *Curse}
    19 | D        | Found the +0 sword of Power
    19 | D        | Found the +7 mace of Variability {chain chaos}
    19 | D        | Found the +7 Singing Sword {slice, sonic wave}
    19 | D        | Found the +8 storm bow {elec, penet}
    36 | D        | Found a bloodstained altar of Trog.
    83 | D        | Entered arena 2.
    83 | D        | Noticed a wolf
    83 | D        | Found a transporter.
   105 | D        | Killed a wolf
   105 | D        | Reached skill level 5 in Fighting
   105 | D        | Reached XP level 2. HP: 12/21 MP: 2/2
   105 | D        | Reached XP level 3. HP: 15/26 MP: 3/3
   105 | D        | Reached XP level 4. HP: 18/31 MP: 4/4
   220 | D        | Entered arena 3.
   220 | D        | Noticed an ice beast
   220 | D        | Noticed a purple ugly thing
   220 | D        | Noticed a cyan ugly thing
   220 | D        | Found a transporter.
   226 | D        | Killed an ice beast
   226 | D        | Reached ** piety under Trog
   226 | D        | Reached skill level 5 in Axes
   226 | D        | Reached skill level 5 in Shields
   226 | D        | Reached XP level 5. HP: 37/37 MP: 5/5
   230 | D        | Killed a cyan ugly thing
   230 | D        | Reached XP level 6. HP: 46/46 MP: 6/6
   230 | D        | Reached XP level 7. HP: 51/51 MP: 7/7
   232 | D        | Killed a purple ugly thing
   232 | D        | Reached skill level 10 in Fighting
   232 | D        | Reached skill level 5 in Dodging
   232 | D        | Reached XP level 8. HP: 57/57 MP: 8/8
   314 | D        | Entered arena 4.
   314 | D        | Noticed a slime creature
   314 | D        | Found a transporter.
   317 | D        | Paralysed by a floating eye for 3 turns
   321 | D        | Reached *** piety under Trog
   322 | D        | Killed a slime creature
   322 | D        | Reached skill level 10 in Shields
   390 | D        | Got the ring "Haewkive" {*Drain rN+ Str+4 Int+6}
   409 | D        | Entered arena 5.
   409 | D        | Noticed a slime creature
   409 | D        | Found a transporter.
   411 | D        | Paralysed by a floating eye for 2 turns
   414 | D        | Reached **** piety under Trog
   421 | D        | Killed a slime creature
   421 | D        | Reached XP level 9. HP: 64/64 MP: 9/9
   526 | D        | Entered arena 6.
   526 | D        | Found a transporter.
   529 | D        | Reached ***** piety under Trog
   543 | D        | Got the ring "Simicluw" {MR+ Dex+3}
   566 | D        | Entered arena 7.
   566 | D        | Noticed a sun demon
   566 | D        | Noticed a sixfirhy
   566 | D        | Noticed an ice devil
   567 | D        | Found a transporter.
   576 | D        | Killed a sixfirhy
   576 | D        | Reached skill level 10 in Axes
   577 | D        | Killed a sun demon
   577 | D        | Received a gift from Trog
   580 | D        | Killed an ice devil
   650 | D        | Entered arena 8.
   651 | D        | Identified the +10 dire flail "Jofrofa" {drain, rPois rC+}
   651 | D        | Found a transporter.
   656 | D        | Reached XP level 10. HP: 72/72 MP: 10/10
   661 | D        | Reached ****** piety under Trog
   710 | D        | Entered arena 9.
   710 | D        | Noticed a two-headed ogre
   710 | D        | Noticed a two-headed ogre
   711 | D        | Found a transporter.
   714 | D        | Received a gift from Trog
   719 | D        | Killed a two-headed ogre
   719 | D        | Killed a two-headed ogre
   721 | D        | Received a gift from Trog
   768 | D        | Entered arena 10.
   769 | D        | Found a transporter.
   775 | D        | Received a gift from Trog
   775 | D        | Reached skill level 10 in Armour
   827 | D        | Entered arena 11.
   827 | D        | Noticed a death cob
   827 | D        | Noticed a draconian
   827 | D        | Noticed a yellow draconian
   827 | D        | Noticed a draconian
   827 | D        | Noticed a draconian
   827 | D        | Noticed a yellow draconian
   827 | D        | Noticed a draconian
   827 | D        | Noticed a draconian
   827 | D        | Noticed a draconian
   828 | D        | Found a transporter.
   836 | D        | Killed a draconian
   838 | D        | Killed a draconian
   838 | D        | Reached XP level 11. HP: 80/80 MP: 11/11
   839 | D        | Killed a draconian
   839 | D        | Received a gift from Trog
   840 | D        | Killed a draconian
   840 | D        | Killed a death cob
   840 | D        | Killed a yellow draconian
   840 | D        | Reached skill level 15 in Fighting
   841 | D        | Killed a draconian
   843 | D        | Killed a yellow draconian
   843 | D        | Reached skill level 15 in Shields
   846 | D        | Killed a draconian
   989 | D        | Entered arena 12.
   989 | D        | Noticed a great orb of eyes
   989 | D        | Noticed a shining eye
   990 | D        | Noticed a death ooze
   991 | D        | Found a transporter.
   998 | D        | Killed a death ooze
   999 | D        | Killed a shining eye
  1000 | D        | Reached XP level 12. HP: 88/88 MP: 12/12
  1000 | D        | Killed a great orb of eyes
  1006 | D        | Received a gift from Trog
  1020 | D        | Got the cursed +0 pair of boots "Doyqub Mete" {+Blink rF+}
  1057 | D        | Entered arena 13.
  1057 | D        | Noticed a yaktaur captain
  1057 | D        | Noticed a merfolk javelineer
  1057 | D        | Noticed a merfolk javelineer
  1057 | D        | Noticed a stone giant
  1058 | D        | Identified the +7 falchion of the Median {vamp, Int+3}
  1058 | D        | Identified the +9 demon whip "Sieptekk" {slash, +Inv rF-
                  | MR+++ Str-5}
  1058 | D        | Noticed a merfolk javelineer
  1060 | D        | Found a transporter.
  1065 | D        | Shot with a bolt by a yaktaur captain

Levels and vault maps discovered:
D:        sprint_v [room_start, room_1, room_2, room_3, room_4, room_5, room_6,
          room_7, room_8, room_9, room_10, room_11, room_12, room_13, room_14,
          room_15, room_16, room_17, room_18, room_19, room_20, room_21,
          room_22, room_23, room_24, room_25, room_26, room_27]

Skill      XL: |  1  2  3  4  5  6  7  8  9 10 11 12 |
---------------+-------------------------------------+-----
Fighting       | 5 6 9 10 11 12 14 15 16 | 16.2
Axes           | 4 5 7 8 9 10 12 13 14 | 14.1
Armour         | 3 4 6 7 9 10 11 | 11.9
Dodging        | 2 3 4 5 6 8 9 |  9.4
Shields        | 4 5 8 9 10 12 13 15 16 | 16.0

Action                   |  1- 3 |  4- 6 |  7- 9 | 10-12 || total
-------------------------+-------+-------+-------+-------++-------
Melee: Broad axe         |    21 |     8 |    36 |    54 ||   119
Invok: Berserk           |     1 |     1 |     2 |     5 ||     9
       Trog's Hand       |       |       |       |     1 ||     1
       Brothers in Arms  |       |       |       |     1 ||     1
  Use: Scroll            |       |     1 |       |       ||     1
  Eat: Chunk             |       |       |     2 |     6 ||     8
Armor: Plate armour      |    13 |     1 |    13 |    39 ||    66
Dodge: Dodged            |       |     1 |     2 |    10 ||    13
Block: Shield            |    33 |     5 |    43 |    96 ||   177
